 Dungeon Crawl Stone Soup version 0.27.0-1-g7a089689b8 (webtiles) character file.

Game seed: 8891325564437291334

4185 HungrySpirit the Slicer (level 10, -10/115 HPs)
             Began as a Human Arcane Marksman on July 31, 2021.
             Was a Priest of Okawaru.
             Mangled by a cyclops (23 damage)
             ... on level 7 of the Dungeon.
             The game lasted 00:13:28 (9573 turns).

HungrySpirit the Slicer (Human Arcane Marksman)     Turns: 9573, Time: 00:13:29

Health: -10/115    AC: 29    Str: 13    XL:     10   Next: 53%
Magic:  11/11      EV:  2    Int: 14    God:    Okawaru [***...]
Gold:   430        SH:  0    Dex: 12    Spells: 10/11 levels left

rFire    + . .     SeeInvis .   l - +0 short sword (venom)
rCold    + + .     Faith    .   (no shield)
rNeg     + + +     Spirit   .   (armour currently unavailable)
rPois    +         Reflect  .   (helmet currently unavailable)
rElec    +         Harm     .   (cloak currently unavailable)
rCorr    +         Rampage  .   (gloves currently unavailable)
Will     .....     NoTele   +   (boots currently unavailable)
Stlth    +.........             s - amulet of regeneration
HPRegen  1.29/turn              q - +4 ring of protection
MPRegen  0.12/turn              r - ring of protection from cold

@: tree-form, resistant
A: stationary, stasis, torment immunity, boosted hp, clumsy 1
a: Renounce Religion, Heroism


You were on level 7 of the Dungeon.
You worshipped Okawaru.
Okawaru was most pleased with you.
You were a tree.
You visited 1 branch of the dungeon, and saw 7 of its levels.

You collected 430 gold pieces.

Inventory:

Hand Weapons
 l - a +0 short sword of venom (weapon)
 m - a +4 falchion
Missiles
 y - a throwing net (quivered)
 z - 14 arrows
Armour
 a - a +0 kite shield
 c - a +0 ring mail
 p - a +1 leather armour of poison resistance (melded)
Jewellery
 j - a ring of flight
 q - a +4 ring of protection (left branch)
 r - a ring of protection from cold (right branch)
 s - an amulet of regeneration (around neck)
Wands
 v - a wand of flame (24)
 x - a wand of polymorph (10)
Scrolls
 d - a scroll of torment {unknown}
 e - 2 scrolls of blinking {unknown}
 f - a scroll of noise {unknown}
 g - 4 scrolls of identify {unknown}
 h - a scroll of enchant weapon {unknown}
 k - 2 scrolls of vulnerability {unknown}
 n - 3 scrolls of teleportation {unknown}
 u - a scroll of immolation {unknown}
 w - a scroll of summoning {unknown}


   Skills:
 + Level 6.9 Fighting
 - Level 8.7(9.1) Short Blades
 * Level 4.0(6.9) Long Blades
 - Level 2.0 Bows
 - Level 5.0 Armour
 + Level 6.7 Dodging
 + Level 1.1 Shields
 - Level 1.0 Spellcasting
 - Level 3.0 Hexes


You had 10 spell levels left.
You knew the following spells:

 Your Spells              Type           Power      Damage    Failure   Level
a - Corona                Hex            10%        N/A       8%          1

Your spell library contained the following spells:

 Spells                   Type           Power      Damage    Failure   Level
 Slow                     Hex            9%         N/A       12%         2
 Inner Flame              Hex/Fire       4%         N/A       38%         3
 Portal Projectile        Hex/Tloc       8%         N/A       38%         3
 Cause Fear               Hex            4%         N/A       58%         4
 Gell's Gravitas          Tloc           0%         N/A       61%         3
 Ignite Poison            Fire/Tmut/Pois 0%         N/A       61%         3
 Lesser Beckoning         Tloc           0%         N/A       61%         3
 Mephitic Cloud           Conj/Pois/Air  0%         N/A       61%         3
 Teleport Other           Tloc           0%         N/A       61%         3
 Bolt of Magma            Conj/Fire/Erth 0%         4d4       100%        5
 Dispersal                Tloc           0%         N/A       100%        6
 Discord                  Hex            4%         N/A       100%        8


Dungeon Overview and Level Annotations

Branches:
Dungeon (7/15)             Temple (0/1) D:7

Altars:
Ashenzari
Cheibriados
Gozag
Makhleb
Okawaru
Qazlal
Vehumet
Xom
Yredelemnul

Shops:
D:4 (


Innate Abilities, Weirdness & Mutations

You are a tree.
Your roots penetrate the ground, keeping you stationary.
You cannot be teleported.
You are immune to unholy pain and torment.
Your maximum health is greatly increased.
Your equipment is partially melded.
You are clumsy. (Dex -2)


Message History

The cyclops is lightly wounded.
You hit the cyclops but do no damage.
The cyclops looks as sick as possible!
The cyclops is lightly wounded.
You feel like a meek peon again. The cyclops hits you!!
You hit the cyclops but do no damage.
The cyclops looks as sick as possible!
The cyclops is lightly wounded.
You hit the cyclops but do no damage.
The cyclops looks as sick as possible!
The cyclops is moderately wounded.
A yak comes into view.
The cyclops hits you!
* * * LOW HITPOINT WARNING * * *
You hit the cyclops.
The cyclops looks as sick as possible!
The cyclops is moderately wounded.
A kobold comes into view. It is wielding a +0 whip.
It was a potion of curing.
You feel better. The cyclops hits you!!
* * * LOW HITPOINT WARNING * * *
You hear an angry hiss.
It was a potion of resistance.
You feel protected.
It was a potion of mutation.
You feel extremely strange.
You feel clumsy. The cyclops misses you.
It was a potion of lignification.
You turn into a tree.
Your +1 leather armour of poison resistance melds into your body.
Your roots penetrate the ground.
The cyclops hits you!
* * * LOW HITPOINT WARNING * * *
You cannot move.
You hit the cyclops but do no damage.
The cyclops is heavily wounded.
You feel better. The cyclops hits you!
* * * LOW HITPOINT WARNING * * *
Throw: 2 throwing nets
Press: ? - help, Q - select action, (/) - cycle Shift-Dir - straight line, f - cyclops
Aim: a cyclops, quivering large rocks (heavily wounded, extremely poisoned, 86% to hit, immune to nets)
You throw a throwing net. The throwing net hits the cyclops.
The cyclops is too large for the net to hold!
The cyclops is heavily wounded.
The cyclops hits you!!
You die...

####.#.#.♣♣♣♣♣♣...♣♣)#.#.#.#
#.#.)..)).........÷.#...#
####.#)#.♣♣♣♣♣♣..)♣♣.#.#.#.#
#....).#)♣♣♣.#♣...♣#.###.#.#
#####..#.♣♣..#♣...♣#♣...♣#.#
# #..#.♣..♣#♣...♣ ♣.♣♣♣#.#
## #..#...♣♣ ♣♣.♣♣ ♣♣.♣♣#.#
≈# #..#..♣♣ ♣.♣ ♣♣.♣#.# .#
#..#.♣.♣ ♣♣♣ ♣.♣♣#.######
.## #..##### #C# ###
#....... ≈≈# #### #F#
######## ..#


Whg ..# FYJ ≈.# .KKYY .≈# ##/## ..# #### ..# #.# You could see a cyclops
(extremely poisoned), 3 yaks, a wraith, 2 bullfrogs, a gnoll shaman, a hound, a
jelly and 2 kobolds.

Vanquished Creatures
  A deep elf zephyrmancer (D:7)
  Pikel (D:6)
  Menkaure (D:5)
  Duvessa (D:5)
  2 water moccasins (D:6)
  2 sky beasts
  2 ice beasts (D:6)
  2 orc warriors (D:7)
  2 black bears
  A hornet zombie (D:7)
  An ogre (D:7)
  4 necrophages
  A centaur (D:6)
  4 lemures (D:7)
  Blork the orc (D:4)
  A phantom (D:6)
  3 bullfrogs
  3 scorpions
  A gnoll sergeant (D:7)
  A water moccasin zombie (D:5)
  Dowan (D:5)
  A water moccasin skeleton (D:6)
  2 howler monkeys (D:7)
  A crimson imp (D:5)
  A jelly (D:6)
  An orc priest (D:3)
  Crazy Yiuf (D:5)
  4 hounds
  A centaur skeleton (D:6)
  A gnoll shaman (D:7)
  6 iguanas
  A howler monkey zombie (D:7)
  9 gnolls
  9 adders
  4 shadow imps (D:6)
  A white imp (D:5)
  An ufetubus (D:5)
  3 adder skeletons (D:4)
  3 worms
  4 dart slugs
  15 orcs
  10 ball pythons
  9 endoplasms
  5 giant cockroaches
  12 goblins
  4 hobgoblins
  2 jackals (D:2)
  7 quokkas
  8 bats
  A frilled lizard (D:3)
  9 kobolds
  4 rats
176 creatures vanquished.

Vanquished Creatures (others)
  A plant (D:3)
1 creature vanquished.

Grand Total: 177 creatures vanquished

Notes
Turn   | Place    | Note
-------+----------+-------------------------------------------
     0 | D:1      | HungrySpirit the Human Arcane Marksman began the quest for
                  | the Orb.
     0 | D:1      | Reached XP level 1. HP: 15/15 MP: 2/2
   124 | D:1      | Reached XP level 2. HP: 21/21 MP: 3/3
   149 | D:1      | Reached skill level 1 in Armour
   359 | D:1      | Reached XP level 3. HP: 27/27 MP: 4/4
  1189 | D:2      | Reached skill level 1 in Short Blades
  1290 | D:2      | Reached XP level 4. HP: 33/33 MP: 5/5
  2204 | D:2      | Found a faded altar of an unknown god.
  2376 | D:2      | Became a worshipper of Vehumet
  2376 | D:2      | Reached * piety under Vehumet
  2376 | D:2      | Offered knowledge of Magic Dart by Vehumet.
  2892 | D:2      | HP: 1/34 [orc (2)]
  2895 | D:2      | Reached skill level 2 in Short Blades
  3208 | D:3      | Reached XP level 5. HP: 28/39 MP: 6/6
  3304 | D:3      | Found a radiant altar of Vehumet.
  3476 | D:3      | Found a snail-covered altar of Cheibriados.
  3876 | D:3      | Reached XP level 6. HP: 22/46 MP: 7/7
  4684 | D:4      | Found a broken altar of Ashenzari.
  4690 | D:4      | Offered knowledge of Searing Ray by Vehumet.
  4701 | D:4      | Reached ** piety under Vehumet
  4743 | D:4      | Reached skill level 3 in Short Blades
  4807 | D:4      | Found Hemi's Weapon Shop.
  5588 | D:4      | Noticed Blork the orc
  5599 | D:4      | Reached XP level 7. HP: 52/52 MP: 8/8
  5618 | D:4      | Killed Blork the orc
  5619 | D:4      | Reached skill level 4 in Short Blades
  5823 | D:5      | Entered Level 5 of the Dungeon
  5908 | D:5      | Found a basalt altar of Yredelemnul.
  5942 | D:5      | Found an iron altar of Okawaru.
  5949 | D:5      | Fell from the grace of Vehumet
  5949 | D:5      | Became a worshipper of Warmaster Okawaru
  6112 | D:5      | Noticed Menkaure
  6117 | D:5      | Killed Menkaure
  6117 | D:5      | Reached * piety under Okawaru
  6118 | D:5      | Reached skill level 5 in Short Blades
  6118 | D:5      | Reached XP level 8. HP: 54/60 MP: 9/9
  6141 | D:5      | Found a stormy altar of Qazlal.
  6141 | D:5      | You fall into a shaft and drop 2 floors!
  6147 | D:6      | Noticed Pikel
  6305 | D:6      | Killed Pikel
  6306 | D:6      | Reached skill level 6 in Short Blades
  6628 | D:6      | Reached XP level 9. HP: 67/67 MP: 10/10
  6673 | D:6      | Reached skill level 5 in Fighting
  6730 | D:6      | Reached skill level 5 in Armour
  6749 | D:6      | Reached ** piety under Okawaru
  6750 | D:6      | Reached skill level 7 in Short Blades
  6750 | D:6      | Reached skill level 5 in Dodging
  7523 | D:5      | Reached skill level 8 in Short Blades
  7697 | D:5      | Noticed Dowan
  7697 | D:5      | Noticed Duvessa
  7748 | D:5      | Killed Dowan
  8060 | D:5      | Killed Duvessa
  8088 | D:5      | Found a burning altar of Makhleb.
  8088 | D:5      | Found a shimmering altar of Xom.
  8129 | D:5      | Found a runed translucent door.
  8130 | D:5      | Noticed Crazy Yiuf
  8375 | D:5      | Killed Crazy Yiuf
  8531 | D:7      | Reached *** piety under Okawaru
  8532 | D:7      | Reached XP level 10. HP: 29/76 MP: 11/11
  8575 | D:7      | Found an opulent altar of Gozag.
  8606 | D:7      | Reached skill level 1 in Long Blades
  8899 | D:7      | Noticed a deep elf zephyrmancer
  8918 | D:7      | Killed a deep elf zephyrmancer
  9236 | D:7      | Received a gift from Okawaru
  9460 | D:7      | Found a staircase to the Ecumenical Temple.
  9473 | D:7      | Reached skill level 1 in Shields
  9539 | D:7      | Noticed a cyclops
  9569 | D:7      | Gained mutation: You are clumsy. (Dex -2) [potion of
                  | mutation]
  9573 | D:7      | Mangled by a cyclops

Illustrated notes

Levels and vault maps discovered:
D:1:      dpeg_arrival_arbitrary_c, layout_loops_ring, wad_floor_pattern_1
D:2:      layout_loops_ring, hellmonk_ecumenical_altar_heavens_door,
          minmay_pentomino_q4
D:3:      layout_loops_corners, overflow_temple_1_default,
          nicolae_vehumet_altar_sigil, grunt_decor_one_mirror,
          guppyfry_early_lair_pool
D:4:      minmay_chambers_of_twos, layout_basic, ashenzari_altar_1,
          serial_shops, kennysheep_mini_moat, uniq_blork_the_orc
D:5:      layout_loops_cross, grunt_temple_overflow_champion_of_chaos,
          mainiacjoe_overflow_tiny_flanked, yredelemnul_altar_generic,
          lemuel_crystal_altar, gup_sewer_entry_bubbles,
          uniq_crazy_yiuf_cottage, uniq_menkaure, uniq_duvessa
D:6:      layout_loops_cross, st_stairs_9, hangedman_minor_gate_pass, uniq_pikel
D:7:      nzn_winding_woodlands_three_and_one
          [nzn_winding_woodlands_5x15_pockets,
          nzn_winding_woodlands_5x15_default, nzn_winding_woodlands_5x15_cabin,
          nzn_winding_woodlands_center_pierced_h], layout_loops_ring,
          grunt_gozag_statues, minmay_temple_entry_fiery,
          chequers_serial_rivers_small_3, guppyfry_early_elven_hall

Skill      XL: |  1  2  3  4  5  6  7  8  9 10 |
---------------+-------------------------------+-----
Armour         | 1 2 3 4 5 |  5.0
Fighting       | 2 3 4 6 |  6.9
Short Blades   | 1 2 3 5 6 8 |  8.7
Dodging        | 3 4 6 |  6.7
Long Blades    | 4 |  4.0
Shields        | 1 |  1.1
Bows           | |  2.0
Spellcasting   | |  1.0
Hexes          | |  3.0

Action                   |  1- 3 |  4- 6 |  7- 9 | 10-12 || total
-------------------------+-------+-------+-------+-------++-------
Melee: Short sword       |       |   213 |   493 |   223 ||   929
       Dagger            |       |     2 |       |       ||     2
       Falchion          |       |       |    20 |       ||    20
 Fire: Shortbow          |   102 |    19 |       |       ||   121
Throw: Throwing net      |       |       |       |     1 ||     1
Invok: Heroism           |       |       |       |     1 ||     1
Evoke: Wand              |       |       |       |     3 ||     3
  Use: Potion            |       |       |     3 |     5 ||     8
Armor: Leather armour    |     8 |    55 |   174 |    33 ||   270
Dodge: Dodged            |    24 |   134 |   322 |    73 ||   553
       Rpst.: Falchion   |       |       |     3 |       ||     3
